 Dungeon Crawl Stone Soup version 0.30-a0-634-g8abc85282e (webtiles) character file.

Game seed: 4978395969563905346

6391 experimilk the Destroyer (level 10, -2/69 HPs)
             Began as a Yellow Draconian Conjurer on Jan 14, 2023.
             Was an Elder of Vehumet.
             Slain by a centaur
             ... wielding a +0 halberd
              (9 damage)
             ... in a bailey.
             The game lasted 00:38:11 (14189 turns).

experimilk the Destroyer (DrCj)                    Turns: 14189, Time: 00:38:13

Health: -2/69      AC: 10    Str: 16    XL:     10   Next: 66%
Magic:  10/29      EV: 12    Int: 22    God:    Vehumet [****..]
Gold:   361        SH:  5    Dex: 10    Spells: 8/23 levels left

rFire   . . .      SeeInvis .    E - +2 spear (heavy)
rCold   . . .      Faith    .    (no shield)
rNeg    . . .      Spirit   .    (body armour unavailable)
rPois   .          Reflect  +    e - +0 hat
rElec   .          Harm     .    (no cloak)
rCorr   +          Rampage  .    D - +0 pair of gloves
Will    .....                    J - +1 pair of boots
Stlth   ++                       N - amulet of reflection
HPRegen 0.31/turn                j - ring of magical power
MPRegen 0.21/turn                I - +6 ring of strength

@: short of breath, studying Shields
A: spit acid, AC +7, unfitting armour, cold-blooded, acid resistance
a: Breathe Acid, Renounce Religion


You were in a bailey.
You worshipped Vehumet.
Vehumet was greatly pleased with you.
You visited 1 branch of the dungeon, and saw 9 of its levels.
You also visited: Sewer and Bailey.

You collected 496 gold pieces.
You spent 135 gold pieces at shops.

Inventory:

Hand Weapons
 c - a +0 short sword
 E - a +2 heavy spear (weapon)
Missiles
 g - 4 throwing nets
Armour
 e - a +0 hat (worn)
 D - a +0 pair of gloves (worn)
 J - a +1 pair of boots (worn)
Jewellery
 j - a ring of magical power (left hand)
 I - a +6 ring of strength (right hand)
 N - an amulet of reflection (around neck)
 O - a ring of protection from cold
 Q - a ring of poison resistance
Wands
 v - a wand of charming (20)
 F - a wand of mindburst (16)
 H - a wand of iceblast (5)
 K - a wand of digging (3)
 P - a wand of light (5)
Scrolls
 b - 3 scrolls of teleportation
 d - 3 scrolls of vulnerability
 f - 2 scrolls of immolation
 m - 4 scrolls of enchant armour
 n - 4 scrolls of fog
 p - a scroll of torment {unknown}
 q - 2 scrolls of silence
 s - a scroll of poison {unknown}
 w - 3 scrolls of blinking {unknown}
 y - 2 scrolls of fear
 B - 2 scrolls of butterflies {unknown}
 G - a scroll of amnesia {unknown}
 M - a scroll of enchant weapon {unknown}
Potions
 a - 2 potions of resistance
 h - 2 potions of heal wounds
 i - a potion of ambrosia
 k - a potion of lignification {unknown}
 l - 2 potions of brilliance
 o - 2 potions of mutation
 r - 2 potions of haste
 t - 2 potions of degeneration {unknown}
 u - 3 potions of berserk rage
 x - 2 potions of might {unknown}
 z - a potion of experience {unknown}
 A - 3 potions of flight {unknown}
 C - 3 potions of curing {unknown}
 L - a potion of magic


   Skills:
 - Level 1.7 Dodging
 - Level 1.7 Stealth
 - Level 7.0 Spellcasting
 * Level 13.0 Conjurations
 + Level 5.0 Summonings
 * Level 5.1 Translocations


You had 8 spell levels left.
You knew the following spells:

 Your Spells              Type           Power      Damage    Failure   Level
a - Call Canine Familiar  Summ           29%        N/A       3%          3
b - Searing Ray           Conj           100%       2d8       1%          2
c - Apportation           Tloc           60%        N/A       1%          1
p - Magic Dart            Conj           100%       1d8       1%          1
s - Summon Small Mammal   Summ           100%       N/A       1%          1
x - Iskenderun's Mystic   Conj/Tloc      47%        2d10      1%          4
z - Stone Arrow           Conj/Erth      72%        3d11      1%          3

Your spell library contained the following spells:

 Spells                   Type           Power      Damage    Failure   Level
 Frozen Ramparts          Ice            14%        1d3       7%          3
 Dazzling Flash           Conj/Hex       72%        N/A       1%          3
 Mephitic Cloud           Conj/Pois/Air  26%        N/A       1%          3
 Fulminant Prism          Conj/Hex       18%        3d10      1%          4
 Poisonous Vapours        Pois/Air       14%        N/A       3%          2
 Necrotise                Necr           28%        1d5       9%          1
 Summon Guardian Golem    Hex/Summ       18%        N/A       9%          3
 Cigotuvi's Dreadful Rot  Necr/Pois/Air  14%        N/A       12%         2
 Summon Ice Beast         Ice/Summ       18%        N/A       28%         4
 Summon Mana Viper        Hex/Summ       18%        N/A       63%         5
 Monstrous Menagerie      Summ           14%        N/A       100%        7


Dungeon Overview and Level Annotations

Branches:
Dungeon (9/15)             Temple (0/1) D:5           Sewer (visited)
 Bailey (1/1)
   Lair: D:8-11         Orc: D:9-12

Altars:
Cheibriados
Kikubaaqudgha
Makhleb
Okawaru
Qazlal
Uskayaw
Vehumet
Wu Jian
Zin
The Shining One

Shops:
D:7 *

Annotations:
D:6 2 transporters, capslocke's ghost, novice OpBr


Innate Abilities, Weirdness & Mutations

You can spit globs of acid.
Your golden yellow scales are hard. (AC +7)
You cannot fit into any form of body armour.
You are cold-blooded and may be slowed by cold attacks.
You are resistant to acid. (rCorr)


Message History

The stone arrow hits the centaur!
The centaur is severely wounded.
The centaur shouts!
Your hound bites the centaur but does no damage.
The centaur throws a javelin.
The javelin pierces through you.
* * * LOW HITPOINT WARNING * * *
The centaur throws a javelin.
The javelin pierces through you but does no damage.
Casting: Stone Arrow (safe; 1% risk of failure)
Confirm with . or Enter, or press ? or * to list all spells.
Aiming: Stone Arrow (safe; 1% risk of failure)
Press: ? - help, Shift-Dir - straight line, f/p - centaur
Aim: a centaur, wielding a +0 trident, wearing a +0 chain mail and quivering javelins (severely wounded, ally target, 91% to hit)
The stone arrow hits the centaur!!
You kill the centaur!
Vehumet accepts your kill.
You feel your power returning.
The centaur throws a javelin.
The javelin closely misses you.
Your hound bites the orc but does no damage.
Casting: Stone Arrow (safe; 1% risk of failure)
Confirm with . or Enter, or press ? or * to list all spells.
Aiming: Stone Arrow (safe; 1% risk of failure)
Press: ? - help, Shift-Dir - straight line, f - centaur
Aim: a centaur, wielding a +0 halberd, wearing a +0 ring mail and quivering javelins (88% to hit)
The stone arrow misses the centaur.
The centaur throws a javelin.
The javelin closely misses you.
A javelin appears from out of your range of vision.
The javelin pierces through your hound.
The centaur throws a javelin.
The javelin pierces through you!
* * * LOW HITPOINT WARNING * * *
Casting: Stone Arrow (safe; 1% risk of failure)
Confirm with . or Enter, or press ? or * to list all spells.
Aiming: Stone Arrow (safe; 1% risk of failure)
Press: ? - help, Shift-Dir - straight line, f/p - centaur
Aim: a centaur, wielding a +0 halberd, wearing a +0 ring mail and quivering javelins (88% to hit)
The stone arrow hits the centaur!
The centaur is heavily wounded.
Your hound closely misses the orc.
The centaur hits you from afar with a +0 halberd!
You die...

#####################
##≈≈≈≈≈≈≈≈≈≈≈≈≈≈≈≈≈≈≈## #
##≈≈≈≈≈≈≈≈≈≈≈≈≈≈≈≈≈≈≈≈≈## ##
##≈≈≈≈≈≈≈≈.......≈≈≈≈≈≈≈≈###.
#≈≈≈≈≈≈≈.)≈≈≈≈≈≈≈..≈≈≈≈≈≈≈#..
#≈≈≈≈≈).≈≈≈.....≈≈≈..≈≈≈≈≈#..
#≈≈≈≈.≈≈≈...@.....≈≈≈.≈≈≈≈#..
#≈≈≈≈)≈...c.........≈.≈≈≈≈#..
#≈≈≈)≈≈.⌠.........⌠.≈≈.≈≈≈#..
#≈≈≈.≈...............≈)≈≈≈#..
#≈≈.≈≈.ho.≈≈≈≈≈≈≈.)).≈≈)≈≈#..
#≈≈.≈...≈≈≈o~~~~≈≈≈...#####..
#≈≈.≈..≈≈~~≈≈≈≈≈~≈≈≈......'..
#≈≈....~~≈≈≈:..~~≈≈≈...)).'..
#≈≈.≈..≈≈~~≈≈≈≈≈~≈≈≈......'..


You could see a centaur, 2 orcs and a friendly hound (summoned).

Vanquished Creatures
  A gargoyle (D:7)
  Sigmund (D:2)
  A shadow (D:9)
  2 yaks (D:9)
  A wraith (D:9)
  3 steam dragons
  Menkaure (D:5)
  3 water moccasins
  A sky beast (D:7)
  9 orc warriors
  An ogre (D:7)
  A wolf (D:6)
  10 centaurs
  4 kobold brigands (Sewer)
  2 necrophages
  3 bullfrogs
  A gnoll sergeant (D:6)
  3 scorpions
  5 howler monkeys
  6 hounds
  4 gnoll boudas (D:6)
  3 jellies
  6 orc priests
  4 iguanas (D:4)
  8 orc wizards
  Robin (D:2)
  15 gnolls
  5 river rats (Sewer)
  8 adders
  2 shadow imps
  2 white imps
  An ufetubus (D:5)
  2 worms
  3 dart slugs
  57 orcs
  6 endoplasms
  14 giant cockroaches
  16 goblins
  7 hobgoblins
  15 jackals
  10 kobolds
  4 quokkas
  17 ball pythons
  4 bats
  8 frilled lizards
  7 rats
288 creatures vanquished.

Vanquished Creatures (collateral kills)
  An orc warrior (Bailey)
  A kobold brigand (D:7)
  2 orc wizards
  2 gnolls
6 creatures vanquished.

Vanquished Creatures (others)
  A goblin (D:9)
  9 plants (Sewer)
10 creatures vanquished.

Grand Total: 304 creatures vanquished

Notes
Turn   | Place    | Note
-------+----------+-------------------------------------------
     0 | D:1      | experimilk the Draconian Conjurer began the quest for the
                  | Orb.
     0 | D:1      | Reached XP level 1. HP: 14/14 MP: 3/3
   411 | D:1      | Reached XP level 2. HP: 20/20 MP: 3/5
   650 | D:1      | Learned a level 2 spell: Searing Ray
  1481 | D:2      | Reached XP level 3. HP: 26/26 MP: 2/6
  1725 | D:2      | Found a faded altar of an unknown god.
  1757 | D:2      | Reached skill level 5 in Conjurations
  1832 | D:2      | Noticed Sigmund
  1838 | D:2      | Killed Sigmund
  1839 | D:2      | Reached skill level 6 in Conjurations
  1839 | D:2      | Reached XP level 4. HP: 24/33 MP: 4/8
  1839 | D:2      | Reached XP level 5. HP: 28/38 MP: 4/9
  2102 | D:2      | Noticed Robin
  2215 | D:2      | Killed Robin
  2960 | D:3      | Reached skill level 7 in Conjurations
  2960 | D:3      | Reached XP level 6. HP: 37/45 MP: 1/10
  3087 | D:3      | Found an iron altar of Okawaru.
  3266 | D:3      | Found a glowing silver altar of Zin.
  4390 | D:4      | Found a stormy altar of Qazlal.
  4390 | D:4      | Found an ornate altar of the Wu Jian Council.
  4472 | D:4      | Found an ancient bone altar of Kikubaaqudgha.
  4474 | D:4      | Found a glowing golden altar of the Shining One.
  4476 | D:4      | Found a radiant altar of Vehumet.
  4479 | D:4      | Became a worshipper of Vehumet
  4809 | D:4      | Your scales start taking on a golden yellow colour.
  4809 | D:4      | Reached XP level 7. HP: 50/50 MP: 4/12
  4809 | D:4      | Gained mutation: You are resistant to acid. (rCorr) [Yellow
                  | Draconian growth]
  4965 | D:4      | Reached skill level 8 in Conjurations
  5374 | D:5      | Entered Level 5 of the Dungeon
  5456 | D:5      | Noticed Menkaure
  5460 | D:5      | Killed Menkaure
  5657 | D:5      | Found a glowing drain.
  5671 | D:5      | Reached * piety under Vehumet
  5671 | D:5      | Offered knowledge of Freeze by Vehumet.
  5676 | Sewer    | Entered a sewer
  5735 | Sewer    | Reached skill level 9 in Conjurations
  5735 | Sewer    | Reached XP level 8. HP: 21/57 MP: 1/15
  6737 | Sewer    | Reached skill level 5 in Spellcasting
  7403 | D:5      | Reached skill level 10 in Conjurations
  7486 | D:5      | Found a staircase to the Ecumenical Temple.
  7848 | D:5      | Found a burning altar of Makhleb.
  7865 | D:5      | Noticed an Executioner
  8170 | D:5      | Learned a level 1 spell: Summon Small Mammal
  8265 | D:6      | Found a transporter.
  8354 | D:6      | Reached ** piety under Vehumet
  8437 | D:6      | Noticed a toenail golem
  8442 | D:6      | Found a transporter.
  8445 | D:6      | Noticed capslocke's ghost (novice OpBr)
  8447 | D:6      | Offered knowledge of Sandblast by Vehumet.
  8467 | D:6      | Reached skill level 11 in Conjurations
  8480 | D:6      | Reached skill level 1 in Summonings
  8581 | D:6      | Learned a level 4 spell: Iskenderun's Mystic Blast
  8683 | D:6      | Reached XP level 9. HP: 26/62 MP: 16/16
  8694 | D:6      | Reached skill level 1 in Translocations
  8845 | D:6      | Learned a level 1 spell: Apportation
  8950 | D:6      | Offered knowledge of Kindle Blastsparks by Vehumet.
  9494 | D:6      | Found a snail-covered altar of Cheibriados.
  9494 | D:6      | Found a hide-covered altar of Uskayaw.
 10155 | D:7      | Noticed a gargoyle
 10163 | D:7      | Killed a gargoyle
 10163 | D:7      | Reached *** piety under Vehumet
 10296 | D:7      | Found Faorph's General Store.
 10302 | D:7      | Bought a scroll of identify for 20 gold pieces
 10302 | D:7      | Bought a +1 pair of boots for 115 gold pieces
 10323 | D:7      | Reached skill level 12 in Conjurations
 11137 | D:8      | Offered knowledge of Stone Arrow by Vehumet.
 11167 | D:8      | Learned a level 3 spell: Stone Arrow
 11494 | D:8      | Reached skill level 13 in Conjurations
 12194 | D:8      | Reached XP level 10. HP: 58/69 MP: 17/17
 12801 | D:9      | Found a flagged portal.
 12907 | Bailey   | Entered a bailey
 12909 | Bailey   | Reached **** piety under Vehumet
 13137 | Bailey   | Learned a level 3 spell: Call Canine Familiar
 13631 | Bailey   | Reached skill level 5 in Summonings
 13631 | Bailey   | Reached skill level 5 in Translocations
 13893 | Bailey   | Offered knowledge of Frozen Ramparts by Vehumet.
 14189 | Bailey   | Slain by a centaur

Illustrated notes

Levels and vault maps discovered:
D:1:      dpeg_arrival_court, layout_loops_ring
D:2:      layout_basic, ebering_ecumenical_altar_mist, minmay_unequal,
          uniq_robin, uniq_sigmund
D:3:      layout_rooms, okawaru_gym_becter, nicolae_overflow_hidden_temple,
          kennysheep_generic_room_4
D:4:      layout_loops_ring, chequers_temple_overflow_minitemple,
          minmay_diced_spiral
D:5:      layout_gridville, makhleb_altar_promises_db,
          minmay_temple_entry_arrows, gup_sewer_entry_pipe, uniq_menkaure
D:6:      layout_cave_pools, mainiacjoe_overflow_divided_tiny,
          gammafunk_ghost_abyssal_escape, serial_gnoll_camp,
          gnoll_camp_mini_hut, gnoll_camp_mini_loothouse, gnoll_camp_mini_basic,
          gnoll_camp_medium_01, gnoll_camp_mini_house,
          nicolae_elevator_lobby_plus
D:7:      layout_basic, serial_shops, shop
D:8:      layout_rooms
D:9:      layout_rooms, enter_bailey_5
Bailey:   bailey_polearm_flooded_kennysheep, bailey

Skill      XL: |  1  2  3  4  5  6  7  8  9 10 |
---------------+-------------------------------+-----
Conjurations   | 6 7 9 11 13 | 13.0
Spellcasting   | 3 4 5 7 |  7.0
Summonings     | 1 3 5 |  5.0
Translocations | 3 5 |  5.1
Dodging        | |  1.7
Stealth        | |  1.7

Action                   |  1- 3 |  4- 6 |  7- 9 | 10-12 || total
-------------------------+-------+-------+-------+-------++-------
Melee: Unarmed           |    12 |       |       |       ||    12
       Short sword       |    13 |    44 |    58 |       ||   115
       Tailslap          |     2 |     8 |     8 |       ||    18
       Spear             |       |       |    12 |     4 ||    16
 Cast: Magic Dart        |    50 |    70 |   130 |     4 ||   254
       Searing Ray       |     8 |    32 |    91 |       ||   131
       Summon Small Mamm |       |       |    38 |    15 ||    53
       Stone Arrow       |       |       |     8 |    81 ||    89
       Iskenderun's Myst |       |       |     8 |     1 ||     9
       Apportation       |       |       |     6 |     2 ||     8
       Call Canine Famil |       |       |       |     6 ||     6
 Abil: Breathe Acid      |       |       |    15 |     6 ||    21
  Use: Scroll            |     2 |     6 |     9 |       ||    17
       Potion            |     1 |       |     1 |       ||     2
Armor: Skin              |    11 |    23 |    41 |    15 ||    90
Dodge: Dodged            |    29 |    44 |   113 |    40 ||   226
Block: Other             |       |       |       |     7 ||     7

Table legend: (Time is in decaauts)
 A = Elapsed time spent in this place.
 B = Non-inter-level travel time spent in this place.
 C = Inter-level travel time spent in this place.
 D = Time resting spent in this place.
 E = Time spent auto-exploring this place.
 F = Levels seen in this place.
 G = Mean time per level.
                   A        B        C        D        E       F      G
               +--------+--------+--------+--------+--------+-----+--------+
         Total |  14373 |  14151 |    222 |   3547 |   8592 |  11 | 1306.6 |
       Dungeon |  11314 |  11092 |    222 |   2047 |   7631 |   9 | 1257.1 |
         Sewer |   1774 |   1774 |      0 |    601 |    947 |   1 | 1774.0 |
        Bailey |   1284 |   1284 |      0 |    898 |     14 |   1 | 1284.0 |
               +--------+--------+--------+--------+--------+-----+--------+

Top non-repeatable levels by time:
     D:6: 1894 daAuts
     D:4: 1786 daAuts
   Sewer: 1774 daAuts
     D:2: 1462 daAuts
     D:7: 1442 daAuts
     D:1: 1412 daAuts
  Bailey: 1284 daAuts
     D:5: 1217 daAuts
     D:8: 1082 daAuts
     D:3: 712 daAuts
     D:9: 304 daAuts
